 Dungeon Crawl Stone Soup version 0.29.1-1-gd02db6906a (webtiles) character file.

Game seed: 6481140829021753677

25 boopmooplesden the Trooper (level 2, -3/42 HPs)
             Began as a Minotaur Berserker on Oct 14, 2022.
             Was a Follower of Trog.
             Slain by a goblin
             ... wielding a +2 dagger of venom
             ... led by Robin
              (7 damage)
             ... on level 2 of the Dungeon.
             The game lasted 00:01:04 (896 turns).

boopmooplesden the Trooper (Minotaur Berserker)      Turns: 896, Time: 00:01:04

Health: -3/42      AC:  2    Str: 21    XL:     2   Next: 86%
Magic:  1/1        EV: 12    Int:  4    God:    Trog [*.....]
Gold:   71         SH:  0    Dex:  9    Spells: 1/1 levels left

rFire   . . .      SeeInvis .   a - +0 mace
rCold   . . .      Faith    .   (no shield)
rNeg    . . .      Spirit   .   b - +0 animal skin
rPois   .          Reflect  .   (helmet restricted)
rElec   .          Harm     .   (no cloak)
rCorr   .          Rampage  .   (no gloves)
Will    .....                   (no boots)
Stlth   ..........              (no amulet)
HPRegen 0.14/turn               (no ring)
MPRegen 0.07/turn               (no ring)

@: berserking (expiring), lethally poisoned (-3 -> -13), very quick
A: horns 2, retaliatory headbutt
a: Renounce Religion, Berserk


You were on level 2 of the Dungeon.
You worshipped Trog.
Trog was aware of your devotion.
You visited 1 branch of the dungeon, and saw 2 of its levels.

You collected 71 gold pieces.

Inventory:

Hand Weapons
 a - a +0 mace (weapon)
Armour
 b - a +0 animal skin (worn)
 g - a +0 leather armour
Scrolls
 c - a scroll of teleportation {unknown}
 d - 2 scrolls of identify {unknown}
 e - a scroll of vulnerability {unknown}
 f - a scroll of enchant armour {unknown}


   Skills:
 + Level 4.3 Fighting
 + Level 4.2 Maces & Flails
 + Level 2.4 Armour
 + Level 2.4 Dodging


You had one spell level left.
You didn't know any spells.
Your spell library was empty.

Dungeon Overview and Level Annotations

Branches:
Dungeon (2/15)

Altars:

Annotations:
D:2 Robin


Innate Abilities, Weirdness & Mutations

You have a pair of horns on your head.
You reflexively headbutt those who attack you in melee.


Message History

The goblin hits you with a +0 club.
You miss the goblin.
The jackal barks!
Your headbutt misses the goblin.
The goblin shoots a sling bullet.
The sling bullet barely misses you.
A jackal comes into view.
You closely miss the goblin.
A goblin comes into view. It is wielding a +2 dagger of venom.
The goblin hits you with a +0 club.
You closely miss the goblin.
The goblin shouts!
The goblin hits you but does no damage.
You miss the goblin. You headbutt the goblin.
You kill the goblin!
Trog accepts your kill. The goblin barely misses you. You furiously retaliate!
You headbutt the goblin!
You kill the goblin!
Trog accepts your kill.
The goblin unwields a +0 sling.
The goblin wields a +0 club.
The goblin closely misses you.
You sock the goblin!
You kill the goblin!
Trog accepts your kill. The jackal barely misses you. The hobgoblin hits you.
You barely miss the goblin. The jackal barely misses you.
You closely miss the goblin. The hobgoblin hits you.
The goblin hits you with a +0 club. Robin throws the goblin at you!
An endoplasm comes into view.
The goblin hits you with a +2 dagger of venom!
* * * LOW HITPOINT WARNING * * *
You are lethally poisoned!
You sock the goblin!
You kill the goblin!
Trog accepts your kill.
* * * LOW HITPOINT WARNING * * *
You feel sick. The hobgoblin barely misses you.
The goblin hits you with a +0 dagger.
* * * LOW HITPOINT WARNING * * *
The goblin hits you with a +2 dagger of venom!
You die...

.#####. ........
..#.......##..#..#
..........#...#..#
.J..........#....#
...........)†..#
............#)<#
.......g......## .
..<..ghgg....#.....
.....hh@$........##
.....gg).......)##
...#......####.....
. #........ .####
#.......## ##
...#.....#
#.......###
......###


You could see Robin, an endoplasm, 3 jackals, 2 hobgoblins and 3 goblins.

Vanquished Creatures
  An endoplasm (D:2)
  A giant cockroach (D:1)
  7 goblins
  4 hobgoblins
  3 kobolds (D:1)
  2 ball pythons (D:1)
  4 bats
  3 rats (D:1)
25 creatures vanquished.

Notes
Turn   | Place    | Note
-------+----------+-------------------------------------------
     0 | D:1      | boopmooplesden the Minotaur Berserker began the quest for
                  | the Orb.
     0 | D:1      | Reached XP level 1. HP: 19/19 MP: 0/0
   255 | D:1      | Reached XP level 2. HP: 23/27 MP: 1/1
   780 | D:1      | Found a faded altar of an unknown god.
   887 | D:2      | Noticed Robin
   896 | D:2      | Slain by a goblin

Illustrated notes

Levels and vault maps discovered:
D:1:      spicycebolla_green_bress_n_ham_2, layout_basic,
          basic_ecumenical_altar, hex_intersection
D:2:      layout_rooms, uniq_robin

Skill      XL: |  1  2 |
---------------+-------+-----
Fighting       | 4 |  4.3
Maces & Flails | 4 |  4.2
Armour         | |  2.4
Dodging        | |  2.4

Action                   || total
-------------------------++-------
Melee: Mace              ||    36
       Headbutt          ||     3
Invok: Berserk           ||     1
Armor: Animal skin       ||    13
Dodge: Dodged            ||    47
